 Dungeon Crawl Stone Soup version 0.26-a0-1147-g3780a7a11b (webtiles) character file.

Game seed: 16098495653452454404

307 gruber the Stinger (level 6, -2/41 HPs)
             Began as a Demonspawn Venom Mage on Dec 22, 2020.
             Slain by a worker ant (3 damage)
             ... on level 4 of the Dungeon.
             The game lasted 00:06:44 (4147 turns).

gruber the Stinger (Demonspawn Venom Mage)          Turns: 4147, Time: 00:06:45

Health: -2/41      AC:  8    Str:  8    XL:     6   Next: 16%
Magic:  3/9        EV: 12    Int: 18    God:
Gold:   255        SH:  0    Dex: 14    Spells: 4/9 levels left

rFire    . . .     SeeInvis .   j - +1 short sword (protect)
rCold    . . .     Faith    .   (no shield)
rNeg     . . .     Spirit   .   a - +0 robe
rPois    .         Reflect  .   (helmet restricted)
rElec    .         Harm     .   (no cloak)
rCorr    .         Rampage  .   (no gloves)
Will     .....                  (no boots)
Stlth    ++........             n - amulet of regeneration
HPRegen  0.53/turn              (no ring)
MPRegen  0.11/turn              (no ring)

@: lethally poisoned (-2 -> -2), sanguine armour
A: horns 2, sanguine armour 1
a: no special abilities


You were on level 4 of the Dungeon.
You visited 1 branch of the dungeon, and saw 4 of its levels.

You collected 255 gold pieces.

Inventory:

Hand Weapons
 j - a +1 short sword of protection (weapon)
Missiles
 f - 39 poisoned darts (quivered)
Armour
 a - a +0 robe (worn)
 h - a +0 helmet
Jewellery
 n - an amulet of regeneration (around neck)
Scrolls
 b - a scroll of remove curse {unknown}
 e - 2 scrolls of fear {unknown}
 g - a scroll of amnesia {unknown}
 i - 4 scrolls of identify {unknown}
 l - a scroll of immolation {unknown}
 o - 2 scrolls of teleportation {unknown}
 p - a scroll of enchant armour {unknown}
Potions
 c - a potion of brilliance {unknown}
 d - a potion of mutation {unknown}
 k - a potion of degeneration {unknown}
 m - 2 potions of resistance {unknown}


   Skills:
 - Level 1.1 Throwing
 - Level 1.7 Dodging
 - Level 1.7 Stealth
 - Level 2.0 Spellcasting
 - Level 0.8 Transmutations
 + Level 6.8 Poison Magic


You had 4 spell levels left.
You knew the following spells:

 Your Spells              Type           Power        Failure   Level
a - Sting                 Tmut/Pois      60%          3%          1
b - Olgreb's Toxic Radia  Pois           26%          11%         4

Your spell library contained the following spells:

 Spells                   Type           Power        Failure   Level
 Poisonous Vapours        Pois/Air       28%          7%          2
 Ignite Poison            Fire/Tmut/Pois 11%          19%         3
 Mephitic Cloud           Conj/Pois/Air  9%           22%         3


Dungeon Overview and Level Annotations

Branches:
Dungeon (4/15)
 Temple: D:4-7

Altars:
Ashenzari
Trog
Uskayaw

Shops:
D:4 :

Annotations:
D:4 Grinder


Innate Abilities, Weirdness & Mutations

You have a pair of horns on your head.
When seriously injured, your bleeding wounds create armour. (AC +6)


Message History

* * * LOW HITPOINT WARNING * * *
You can move again.
You climb downwards.
You feel sick. The orc hits you with a +0 whip.
* * * LOW HITPOINT WARNING * * *
There is a stone staircase leading up here.
Unknown command.
Unknown command.
Unknown command.
Unknown command.
You are too injured to fight recklessly!
Unknown command.
Unknown command.
You are too injured to fight recklessly!
Unknown command.
You are too injured to fight recklessly!
Unknown command.
You are too injured to fight recklessly!
Unknown command.
You barely miss Grinder. The orc misses you. The worker ant bites you.
You die...

................###.....#
###.....................#####
#.......o..................
###......####.........#.####
........................######
.......≈≈≈≈≈≈................#
......§§≈≈≈§≈.........######.#
.......≈≈_>≈≈...5.....# #.#
......§≈≈⌠.≈§..B@.....######.####
......÷§≈≈§≈≈....o....#..........
.......≈≈≈≈≈≈.........#.#########
.)........)...#####.........#
......§.###.### #.###.#####
........# #.# #.# #.# #########
#.#######.# #.# #.........# #.#
########### #.#


You could see Grinder, a worker ant and an orc.

Vanquished Creatures
  An ogre (D:4)
  An orc priest (D:4)
  Robin (D:2)
  A howler monkey skeleton (D:4)
  5 adders
  2 oozes
  A worm (D:2)
  4 dart slugs
  7 leopard geckos
  2 orcs
  4 giant cockroaches
  10 hobgoblins
  6 jackals
  16 kobolds
  2 quokkas
  8 bats
  5 frilled lizards
  14 goblins
  12 rats
102 creatures vanquished.

Notes
Turn   | Place    | Note
-------+----------+-------------------------------------------
     0 | D:1      | gruber the Demonspawn Venom Mage began the quest for the
                  | Orb.
     0 | D:1      | Reached XP level 1. HP: 13/13 MP: 3/3
   312 | D:1      | Gained mutation: You have a pair of small horns on your
                  | head. [demonic ancestry]
   312 | D:1      | Reached XP level 2. HP: 19/19 MP: 1/5
   789 | D:1      | Reached skill level 4 in Poison Magic
   989 | D:1      | Gained mutation: You have a pair of horns on your head.
                  | [demonic ancestry]
   989 | D:1      | Reached XP level 3. HP: 24/24 MP: 4/6
  1667 | D:2      | Reached skill level 1 in Throwing
  2084 | D:2      | Noticed Robin
  2085 | D:2      | Reached XP level 4. HP: 30/30 MP: 7/7
  2128 | D:2      | Killed Robin
  2182 | D:2      | Reached skill level 5 in Poison Magic
  2353 | D:2      | Learned a level 4 spell: Olgreb's Toxic Radiance
  3071 | D:3      | Reached XP level 5. HP: 35/35 MP: 4/8
  3721 | D:3      | Noticed Grinder
  3870 | D:4      | Found a broken altar of Ashenzari.
  3884 | D:4      | Noticed an ogre
  3894 | D:4      | Reached skill level 6 in Poison Magic
  3999 | D:4      | Killed an ogre
  4000 | D:4      | Gained mutation: When seriously injured, your bleeding
                  | wounds create armour. (AC +6) [demonic ancestry]
  4000 | D:4      | Reached XP level 6. HP: 25/41 MP: 0/9
  4105 | D:4      | Found Xexawine's Book Emporium.
  4142 | D:3      | Found a hide-covered altar of Uskayaw.
  4142 | D:3      | Found a bloodstained altar of Trog.
  4143 | D:3      | Paralysed by Grinder for 3 turns
  4146 | D:4      | HP: 1/41 [orc/+0 whip (2)]
  4147 | D:4      | Slain by a worker ant

Illustrated notes

Levels and vault maps discovered:
D:1:      dpeg_arrival_rooms_with_view, layout_loops_ring
D:2:      layout_loops_ring, minmay_cut_off, uniq_robin
D:3:      layout_rooms, nicolae_overflow_hidden_temple, minivault_26,
          kennysheep_donut, uniq_grinder
D:4:      layout_basic, general_overflow_altar, lemuel_round_altar,
          minmay_temple_entry_grid, serial_shops, nicolae_shop_stone, shop,
          uniq_natasha

Skill      XL: |  1  2  3  4  5 |
---------------+----------------+-----
Poison Magic   | 4 5 6 |  6.8
Throwing       | 1 |  1.1
Dodging        | |  1.7
Stealth        | |  1.7
Spellcasting   | |  2.0
Transmutations | |  0.8

Action                   |  1- 3 |  4- 6 || total
-------------------------+-------+-------++-------
Melee: Unarmed           |     5 |       ||     5
       Short sword       |    10 |    83 ||    93
       Headbutt          |     2 |    12 ||    14
Throw: Dart              |    43 |    18 ||    61
 Cast: Sting             |    77 |    53 ||   130
       Olgreb's Toxic Ra |       |     5 ||     5
 Stab: Sleeping          |       |     5 ||     5
Armor: Robe              |    14 |    32 ||    46
Dodge: Dodged            |    38 |    91 ||   129

Table legend: (Time is in decaauts)
 A = Elapsed time spent in this place.
 B = Non-inter-level travel time spent in this place.
 C = Inter-level travel time spent in this place.
 D = Time resting spent in this place.
 E = Time spent auto-exploring this place.
 F = Levels seen in this place.
 G = Mean time per level.
                   A        B        C        D        E       F      G
               +--------+--------+--------+--------+--------+-----+--------+
         Total |   4154 |   4091 |     63 |      0 |   3238 |   4 | 1038.5 |
       Dungeon |   4154 |   4091 |     63 |      0 |   3238 |   4 | 1038.5 |
               +--------+--------+--------+--------+--------+-----+--------+

Top non-repeatable levels by time:
     D:1: 1619 daAuts
     D:2: 1447 daAuts
     D:3: 758 daAuts
     D:4: 328 daAuts
